 Dungeon Crawl Stone Soup version 0.30.0-20-g3615ddf2f0 (webtiles) character file.

Game seed: 5504180853813487748

111846 qw the Peltast (level 16, -6/111 HPs)
             Began as a Gargoyle Fighter on May 29, 2023.
             Was an Elder of Okawaru.
             Mangled by an orc knight
             ... wielding a +0 halberd
              (9 damage)
             ... while paralysed by an orc sorcerer
             ... on level 2 of the Orcish Mines.
             The game lasted 00:12:04 (25155 turns).

qw the Peltast (Gargoyle Fighter)                  Turns: 25155, Time: 00:12:04

Health: -6/111     AC: 41    Str: 40    XL:     16   Next: 58%
Magic:  23/23      EV:  2    Int:  9    God:    Okawaru [****..]
Gold:   279        SH:  0    Dex:  7    Spells: 15/15 levels left

rFire   . . .        q - +3 broad axe (freeze)
rCold   . . .        w - +0 tower shield
rNeg    + . .        a - +2 plate armour
rPois   inf          F - +1 helmet {SInv}
rElec   +            (no cloak)
rCorr   .            E - +2 pair of gloves
SInv    +            n - +2 pair of boots
Will    +....        s - amulet of reflection Stlth
                     t - +5 ring of evasion
HPRegen 0.38/turn    g - +6 ring of strength
MPRegen 0.18/turn

%: reflection, clarity
@: paralysed, heroic, flying
A: sickness immunity, AC +12, big wings, negative energy resistance 1,
electricity resistance, torment resistance 1, petrification resistance, claws 1,
clarity, robust 1, strong 2
a: Renounce Religion, Heroism, Finesse


You were on level 2 of the Orcish Mines.
You worshipped Okawaru.
Okawaru was greatly pleased with you.
You visited 4 branches of the dungeon, and saw 23 of its levels.
You visited 2 bazaars.

You collected 3491 gold pieces.
You spent 3212 gold pieces at shops.


Innate Abilities, Weirdness & Mutations

You are immune to sickness and miasma.
Your stone body is resilient. (AC +12)
You are immune to poison.
Your large and strong wings let you fly.
You resist negative energy. (rN+)
You are resistant to electric shocks. (rElec)
You are resistant to unholy torment.
You are immune to petrification.
You have sharp fingernails.
You possess an exceptional clarity of mind.
You are robust. (+10% HP)
Your muscles are very strong. (Str +8, Int/Dex -2)


   Skills:
 - Level 12.0(17.0) Fighting
 + Level 16.2(21.2) Axes
 - Level 6.0(11.0) Throwing
 - Level 11.0(16.0) Armour
 - Level 2.1(7.1) Dodging
 - Level 17.0(22.0) Shields
 - Level 10.2 Invocations


You had 15 spell levels left.
You didn't know any spells.
Your spell library was empty.

Inventory:

Hand Weapons
 q - a +3 broad axe of freezing (weapon)
 y - a +1 war axe of flaming
Missiles
 c - 4 javelins (quivered)
 r - 12 boomerangs
 z - 3 silver boomerangs
Armour
 a - a +2 plate armour (worn)
 n - a +2 pair of boots (worn)
 w - a +0 tower shield (worn)
 A - a +0 cloak
 E - a +2 pair of gloves (worn)
 F - a +1 helmet of see invisible (worn)
 G - the +0 chain mail of Past Mistakes {rCorr SInv}
   (You bought it in a shop on level 14 of the Dungeon)

   SInv:      It lets you see invisible.
   rCorr:     It protects you from acid and corrosion.
Jewellery
 g - a +6 ring of strength (right hand)
 o - a ring of protection from fire
 s - an amulet of reflection (around neck)
 t - a +5 ring of evasion (left hand)
 x - a ring of resist corrosion
 B - a ring of see invisible
 C - a ring of fire
 Y - a ring of resist corrosion
Wands
 k - a wand of digging (8)
Scrolls
 f - 7 scrolls of teleportation
 p - 10 scrolls of identify
Potions
 b - 3 potions of haste
 d - 5 potions of might
 e - 2 potions of mutation
 h - 4 potions of cancellation
 i - a potion of heal wounds
 j - 4 potions of lignification
 l - 16 potions of curing
 m - 9 potions of attraction
 u - 2 potions of resistance
 v - 2 potions of magic

Dungeon Overview and Level Annotations

Branches:
Dungeon (15/15)            Temple (1/1) D:6            Lair (5/5) D:10
  Swamp (0/4) Lair:3        Snake (0/4) Lair:3        Slime (0/5) Lair:4
    Orc (2/2) D:10            Elf (0/3) Orc:2        Vaults (0/5) D:13
 Depths (0/4) D:15

Altars:
Ashenzari
Cheibriados
Dithmenos
Elyvilon
Fedhas
Gozag
Hepliaklqana
Kikubaaqudgha
Makhleb
Nemelex Xobeh
Okawaru
Qazlal
Ru
Sif Muna
Trog
Uskayaw
Vehumet
Wu Jian
Xom
Yredelemnul
Zin
The Shining One

Shops:
D:4 [   D:9 *[==*   D:14 [=   Orc:2 ?

Annotations:
D:3 1 runed translucent door, Crazy Yiuf
D:10 1 runed translucent door, qw's ghost, novice GrCA
D:12 1 runed translucent door, corvin's ghost, journeyman DgWn
Lair:2 3 runed translucent doors, qw's ghost, journeyman GrFi


Message History

The orc wizard goes into a battle-frenzy!
You hear a shout! x2
You slice the orc wizard!! You freeze the orc wizard.
You kill the orc wizard!
Okawaru accepts your kill.
You hit the orc knight but do no damage.
You block the orc knight's attack.
You barely miss the orc knight. The orc knight closely misses you.
You hit the orc knight but do no damage.
You slice the orc knight!! You freeze the orc knight!
The orc knight is severely wounded.
The orc knight roars a battlecry!
The orc knight goes into a battle-frenzy!
The orc knight roars a battlecry!
The orc knight goes into a battle-frenzy!
You hit the orc knight but do no damage.
The orc knight is severely wounded.
You block the orc knight's attack.
You hit the orc knight but do no damage.
The orc knight is severely wounded.
You block the orc knight's attack.
You hit the orc knight. You freeze the orc knight.
The orc knight is severely wounded.
You slice the orc knight!! You freeze the orc knight!
You kill the orc knight!
Okawaru accepts your kill.
The orc sorcerer gestures at you while chanting.
You suddenly lose the ability to move!
The orc knight hits you from afar with a +0 halberd!!
An orc priest comes into view. It is wielding a +0 club.
The orc knight hits you from afar with a +0 halberd!! x2
The orc knight hits you from afar with a +0 halberd!
The orc knight hits you from afar with a +0 halberd.
An orc wizard comes into view. It is wielding a +0 dagger.
The orc wizard shouts!
The orc knight hits you from afar with a +0 halberd!!
The orc knight hits you but does no damage.
The orc knight hits you from afar with a +0 halberd!
You die...

# .\# ..# ..## ..##..# .o..#
##### #o)# #.#.## ...
##o.###....## ... #o)oo##.....#
#.#..o.o)#)##.....####
#.#.....##@###....#..##
#.#...###..# ##.......#
#.######..## ###....##
...####.####...## ##.....##
#...........### ###.......#
######.###### #........##
#######.###########........# ##
..........................### ..#
............................#....


You could see 2 orc knights, an orc sorcerer (strong), an orc warrior (strong)
and an orc wizard (strong).

Vanquished Creatures
  Jorgrun (D:12)
  Rupert (Lair:3)
  Gastronok (Lair:2)
  Frances (D:14)
  Kirke (D:12)
  A fire giant (D:12)
  Louise (D:14)
  A great orb of eyes (D:14)
  12 hydras
  4 vault guards (D:13)
  2 ogre magi (D:14)
  A tengu warrior (D:12)
  4 centaur warriors
  A boulder beetle (Lair:1)
  A merfolk aquamancer (D:12)
  7 two-headed ogres
  Nergalle (Orc:1)
  Urug (Lair:2)
  3 orc high priests (Orc:2)
  Amaemon (Lair:2)
  8 skeletal warriors
  Lodul (D:14)
  A deep troll (Lair:1)
  A wolf spider zombie (D:15)
  A wizard (D:14)
  6 orc sorcerers
  A necromancer (D:15)
  4 deep elf pyromancers
  18 ugly things
  3 orc knights (Orc:2)
  6 cyclopes
  A deep elf zephyrmancer (D:15)
  5 manticores
  3 wolf spiders
  Maurice (Orc:2)
  11 elephants
  2 centaur zombies (D:15)
  2 water nymphs (D:12)
  6 black mambas
  A guardian serpent (Lair:5)
  Joseph (D:9)
  A centaur skeleton (D:15)
  12 cane toads
  An orange demon (Lair:2)
  4 kobold demonologists (D:12)
  24 komodo dragons
  2 rime drakes
  6 meliai
  A meliai (shapeshifter) (D:15)
  5 polar bears
  5 trolls
  5 hornets
  11 dream sheep
  19 blink frogs
  A vampire (D:12)
  2 wraiths
  3 water elementals
  7 basilisks
  2 hogs (D:12)
  18 wyverns
  37 yaks
  A yak (shapeshifter) (D:12)
  A redback (Lair:5)
  6 vampire mosquitoes (D:12)
  Grum (D:8)
  10 humans
  2 steam dragons
  A warg (Orc:1)
  4 swamp worms (Lair:3)
  A harpy simulacrum (D:13)
  2 nagas (Lair:3)
  2 acid dragons
  24 water moccasins
  A floating eye (D:14)
  3 ice beasts
  22 orc warriors
  2 sky beasts (D:8)
  15 ogres
  19 wolves
  17 centaurs
  A phantom (D:6)
  3 kobold brigands
  11 bullfrogs
  A cane toad simulacrum (D:13)
  A two-headed ogre simulacrum (D:13)
  6 wights
  26 killer bees
  3 howler monkeys
  5 electric eels
  A hound (D:4)
  15 orc priests
  A gnoll bouda (Orc:1)
  4 sleepcaps
  Ijyb (D:3)
  2 hell rats (Lair:3)
  An iguana (D:5)
  25 orc wizards
  Natasha (D:2)
  2 troll simulacra (D:13)
  A wolf simulacrum (D:13)
  12 gnolls
  2 adders (D:4)
  3 naga simulacra (D:13)
  7 river rats (Lair:3)
  5 white imps
  4 ufetubi
  A worm (D:2)
  A dart slug (D:5)
  58 orcs
  8 endoplasms
  3 giant cockroaches
  5 goblins
  5 hobgoblins
  5 jackals
  23 kobolds
  4 quokkas
  6 ball pythons
  A bat (D:2)
  4 frilled lizards
  2 rats
699 creatures vanquished.

Vanquished Creatures (others)
  A naga (Lair:3)
1 creature vanquished.

Grand Total: 700 creatures vanquished

Notes
Turn   | Place    | Note
-------+----------+-------------------------------------------
     0 | D:1      | qw the Gargoyle Fighter began the quest for the Orb.
     0 | D:1      | Reached XP level 1. HP: 14/14 MP: 1/1
     0 | D:1      | 0 ||| qw: Version: 0.2-a-102-g2b76a06
     0 | D:1      | 0 ||| qw: Game counter: 387
     0 | D:1      | 0 ||| qw: Always use a shield: true
     0 | D:1      | 0 ||| qw: God list: Okawaru
     0 | D:1      | 0 ||| qw: Allow faded altars: false
     0 | D:1      | 0 ||| qw: Do Orc after D:15 true
     0 | D:1      | 0 ||| qw: Do second Lair branch before Depths: true
     0 | D:1      | 0 ||| qw: Lair rune preference: random
     0 | D:1      | 0 ||| qw: Plans: Normal, Zot:1-4, Slime:5, God:TSO, Crypt,
                  | Tomb, Pan, Hells, Abyss, Win
     0 | D:1      | 0 ||| PLANNING D:1-11
   205 | D:1      | Reached XP level 2. HP: 17/19 MP: 2/2
   602 | D:1      | Found a faded altar of an unknown god.
   614 | D:1      | 614 ||| DROPPING +0 club.
   668 | D:1      | 668 ||| Stepping ~*~*~tactically~*~*~ (hiding).
   679 | D:1      | Reached skill level 3 in Axes
   679 | D:1      | Reached XP level 3. HP: 15/23 MP: 3/3
  1047 | D:1      | 1047 ||| READING scroll labelled AFOUTWOAME.
  1048 | D:1      | 1048 ||| DROPPING +0 whip.
  1049 | D:1      | 1049 ||| READING scroll labelled JIVIEM QALU.
  1054 | D:1      | 1054 ||| READING scroll labelled FIUWOI QAKK.
  1055 | D:1      | 1055 ||| READING scroll labelled HYIWOROEFU.
  1056 | D:1      | 1056 ||| DRINKING 2 metallic golden potions.
  1320 | D:2      | 1320 ||| Stepping ~*~*~tactically~*~*~ (hiding).
  1636 | D:2      | Noticed Natasha
  1637 | D:2      | 1637 ||| Stepping ~*~*~tactically~*~*~ (stealth).
  1647 | D:2      | Killed Natasha
  1648 | D:2      | Reached XP level 4. HP: 27/28 MP: 4/4
  1816 | D:2      | Found a shimmering altar of Xom.
  1962 | D:2      | 1962 ||| UPGRADING to +0 plate armour.
  1972 | D:2      | 1972 ||| DROPPING +0 scale mail.
  1973 | D:2      | 1973 ||| DROPPING +6 ring of intelligence.
  1974 | D:2      | 1974 ||| READING scroll labelled DERYCH UTTEGI.
  1975 | D:2      | 1975 ||| READING scroll labelled VOSEBOWNUMP.
  2037 | D:3      | Found a runed translucent door.
  2038 | D:3      | Noticed Crazy Yiuf
  2068 | D:3      | 2068 ||| Stepping ~*~*~tactically~*~*~ (hiding).
  2199 | D:3      | Noticed Ijyb
  2209 | D:3      | Killed Ijyb
  2210 | D:3      | Reached skill level 1 in Throwing
  2385 | D:3      | 2385 ||| READING scroll of brand weapon.
  2385 | D:3      | 2385 ||| BRANDING +1 war axe of flaming.
  2668 | D:3      | 2668 ||| UPGRADING to +0 pair of boots of stealth.
  2673 | D:3      | 2673 ||| UPGRADING to ring of resist corrosion.
  2674 | D:3      | 2674 ||| READING scroll labelled ATRIKHL LIELIATS.
  2675 | D:3      | 2675 ||| READING scroll labelled ANUP RERRIGEA.
  2676 | D:3      | 2676 ||| READING scroll labelled WUCIALEURGHA.
  2729 | D:4      | Reached XP level 5. HP: 32/32 MP: 5/5
  2760 | D:4      | 2760 ||| Stepping ~*~*~tactically~*~*~ (hiding).
  2766 | D:4      | Noticed an ogre
  2769 | D:4      | HP: 7/32 [gnoll/+0 heavy spear (9)]
  2770 | D:4      | 2770 ||| READING 3 scrolls of teleportation.
  2770 | D:4      | HP: 1/32 [gnoll/+0 club (5)]
  2771 | D:4      | 2771 ||| DRINKING 3 potions of heal wounds.
  2774 | D:4      | Killed an ogre
  2775 | D:4      | Reached XP level 6. HP: 13/37 MP: 6/6
  2955 | D:4      | Found Wetem's Antique Armour Shoppe.
  2958 | D:4      | 2958 ||| SHOPLISTING helmet (148 gold, have 135).
  2958 | D:4      | 2958 ||| SHOPLISTING shiny plate armour (858 gold, have
                  | 135).
  3087 | D:4      | 3087 ||| DROPPING +0 club.
  3136 | D:4      | 3136 ||| Stepping ~*~*~tactically~*~*~ (stealth).
  3137 | D:4      | 3137 ||| Stepping ~*~*~tactically~*~*~ (stealth).
  3252 | D:5      | Entered Level 5 of the Dungeon
  3260 | D:5      | Noticed a water moccasin
  3268 | D:5      | Killed a water moccasin
  3269 | D:5      | Reached skill level 6 in Axes
  3269 | D:5      | Reached XP level 7. HP: 40/43 MP: 7/7
  3326 | D:5      | 3326 ||| Stepping ~*~*~tactically~*~*~ (hiding).
  3409 | D:5      | 3409 ||| Stepping ~*~*~tactically~*~*~ (stealth).
  3469 | D:5      | 3469 ||| Stepping ~*~*~tactically~*~*~ (stealth).
  3511 | D:5      | 3511 ||| Stepping ~*~*~tactically~*~*~ (stealth).
  3536 | D:5      | 3536 ||| Stepping ~*~*~tactically~*~*~ (stealth).
  3541 | D:5      | 3541 ||| Stepping ~*~*~tactically~*~*~ (hiding).
  3542 | D:5      | 3542 ||| Stepping ~*~*~tactically~*~*~ (hiding).
  3543 | D:5      | 3543 ||| Stepping ~*~*~tactically~*~*~ (hiding).
  3544 | D:5      | 3544 ||| Stepping ~*~*~tactically~*~*~ (hiding).
  3545 | D:5      | 3545 ||| Stepping ~*~*~tactically~*~*~ (hiding).
  3548 | D:5      | 3548 ||| Stepping ~*~*~tactically~*~*~ (hiding).
  3550 | D:5      | 3550 ||| Stepping ~*~*~tactically~*~*~ (hiding).
  3663 | D:5      | 3663 ||| READING scroll of brand weapon.
  3663 | D:5      | 3663 ||| BRANDING +1 war axe of draining.
  3889 | D:5      | 3889 ||| UPGRADING to +0 tower shield.
  3899 | D:5      | 3899 ||| DROPPING +0 buckler.
  3900 | D:5      | 3900 ||| READING scroll labelled BAREXE RITHRE.
  3901 | D:5      | 3901 ||| READING scroll labelled JUROUM FUNK.
  3902 | D:5      | 3902 ||| READING scroll labelled ZUONA ZOADO.
  3903 | D:5      | 3903 ||| READING scroll labelled XEQIBIU ED VEU.
  3904 | D:5      | 3904 ||| DRINKING 2 sedimented brown potions.
  3904 | D:5      | Gained mutation: You have sharp fingernails. [potion of
                  | mutation]
  3904 | D:5      | Gained mutation: You have hidden genetic potential. [potion
                  | of mutation]
  3904 | D:5      | Gained mutation: Your muscles are strong. (Str +4, Int/Dex
                  | -1) [potion of mutation]
  3904 | D:5      | Gained mutation: You possess an exceptional clarity of
                  | mind. [potion of mutation]
  3905 | D:5      | 3905 ||| DRINKING 2 bubbling grey potions.
  3906 | D:5      | 3906 ||| READING 2 scrolls of identify.
  3906 | D:5      | 3906 ||| IDENTIFYING pink potion
  3907 | D:5      | 3907 ||| DROPPING potion of invisibility.
  3957 | D:6      | Reached skill level 4 in Shields
  4026 | D:6      | Found a glowing golden altar of the Shining One.
  4028 | D:6      | Found a hazy altar of Hepliaklqana.
  4051 | D:6      | 4051 ||| Stepping ~*~*~tactically~*~*~ (hiding).
  4063 | D:6      | Reached skill level 5 in Shields
  4064 | D:6      | Reached XP level 8. HP: 48/48 MP: 8/8
  4072 | D:6      | 4072 ||| Stepping ~*~*~tactically~*~*~ (stealth).
  4077 | D:6      | Reached skill level 6 in Shields
  4082 | D:6      | 4082 ||| FLEEEEING.
  4083 | D:6      | 4083 ||| FLEEEEING.
  4084 | D:6      | 4084 ||| FLEEEEING.
  4085 | D:6      | 4085 ||| STAIRDANCE
  4094 | D:5      | Gained mutation: You are robust. (+10% HP) [hidden
                  | potential]
  4161 | D:5      | 4161 ||| READING scroll labelled FUUCZO JAGHIBA.
  4174 | D:6      | Reached skill level 7 in Shields
  4182 | D:6      | HP: 5/52 [ice beast (13)]
  4183 | D:6      | 4183 ||| READING 5 scrolls of teleportation.
  4184 | D:6      | 4184 ||| DRINKING 3 potions of heal wounds.
  4250 | D:6      | 4250 ||| DROPPING +0 flail.
  4252 | D:6      | 4252 ||| Stepping ~*~*~tactically~*~*~ (hiding).
  4254 | D:6      | 4254 ||| Stepping ~*~*~tactically~*~*~ (hiding).
  4256 | D:6      | 4256 ||| Stepping ~*~*~tactically~*~*~ (hiding).
  4272 | D:6      | 4272 ||| Stepping ~*~*~tactically~*~*~ (hiding).
  4273 | D:6      | 4273 ||| Stepping ~*~*~tactically~*~*~ (hiding).
  4274 | D:6      | 4274 ||| Stepping ~*~*~tactically~*~*~ (hiding).
  4275 | D:6      | 4275 ||| Stepping ~*~*~tactically~*~*~ (hiding).
  4277 | D:6      | 4277 ||| Stepping ~*~*~tactically~*~*~ (hiding).
  4283 | D:6      | Reached skill level 8 in Shields
  4354 | D:6      | Found a staircase to the Ecumenical Temple.
  4355 | D:6      | 4355 ||| PLANNING TEMPLE
  4359 | Temple   | Entered the Ecumenical Temple
  4424 | Temple   | 4424 ||| PLANNING OKAWARU WORSHIP
  4551 | Temple   | Became a worshipper of Warmaster Okawaru
  4551 | Temple   | 4551 ||| PLANNING D:1-11
  4696 | D:6      | 4696 ||| Stepping ~*~*~tactically~*~*~ (hiding).
  4711 | D:6      | Reached skill level 9 in Shields
  4960 | D:7      | 4960 ||| Stepping ~*~*~tactically~*~*~ (hiding).
  4965 | D:7      | Reached XP level 9. HP: 57/57 MP: 9/9
  5428 | D:7      | 5428 ||| UPGRADING to +1 pair of boots.
  5438 | D:7      | 5438 ||| DROPPING +0 pair of boots of stealth.
  5439 | D:7      | 5439 ||| READING scroll labelled TUDDIRISYD.
  5478 | D:7      | 5478 ||| READING 3 scrolls of identify.
  5478 | D:7      | 5478 ||| IDENTIFYING black potion
  5479 | D:7      | 5479 ||| READING 2 scrolls of identify.
  5479 | D:7      | 5479 ||| IDENTIFYING silvery potion
  5480 | D:7      | 5480 ||| DROPPING potion of brilliance.
  5514 | D:8      | 5514 ||| Stepping ~*~*~tactically~*~*~ (hiding).
  5588 | D:8      | Reached skill level 10 in Shields
  5589 | D:8      | Gained mutation: Your muscles are very strong. (Str +8,
                  | Int/Dex -2) [hidden potential]
  5589 | D:8      | Lost mutation: You have hidden genetic potential. [hidden
                  | potential expressed]
  5673 | D:8      | Reached * piety under Okawaru
  5713 | D:8      | 5713 ||| INVOKING Heroism.
  5720 | D:8      | Reached skill level 1 in Invocations
  5760 | D:8      | 5760 ||| Stepping ~*~*~tactically~*~*~ (stealth).
  5763 | D:8      | 5763 ||| INVOKING Heroism.
  6143 | D:8      | 6143 ||| Stepping ~*~*~tactically~*~*~ (hiding).
  6150 | D:8      | Reached skill level 3 in Invocations
  6168 | D:8      | 6168 ||| Stepping ~*~*~tactically~*~*~ (stealth).
  6170 | D:8      | 6170 ||| Stepping ~*~*~tactically~*~*~ (hiding).
  6191 | D:8      | Noticed Grum
  6192 | D:8      | 6192 ||| INVOKING Heroism.
  6199 | D:8      | Killed Grum
  6200 | D:8      | Reached skill level 1 in Dodging
  6361 | D:8      | 6361 ||| UPGRADING to +6 ring of strength.
  6362 | D:8      | 6362 ||| DRINKING 2 purple potions.
  6486 | D:9      | Reached ** piety under Okawaru
  6506 | D:9      | Reached XP level 10. HP: 49/64 MP: 13/13
  6561 | D:9      | Found Juculag's Jewellery Boutique.
  6563 | D:9      | Found Rumocedo's Antique Armour Shop.
  6569 | D:9      | Found Fuywie's Jewellery Shoppe.
  6569 | D:9      | Found Boiwnosk's General Store.
  6569 | D:9      | Found Uhenass's General Store.
  6572 | D:9      | 6572 ||| SHOPLISTING +4 ring of protection (468 gold, have
                  | 382).
  6572 | D:9      | 6572 ||| SHOPLISTING +6 ring of dexterity (468 gold, have
                  | 382).
  6572 | D:9      | 6572 ||| SHOPLISTING amulet of the acrobat (390 gold, have
                  | 382).
  6572 | D:9      | 6572 ||| SHOPLISTING ring "Heptolim" {rF+ Dex+6} (650 gold,
                  | have 382).
  6572 | D:9      | 6572 ||| BUYING ring of protection from fire (325 gold).
  6572 | D:9      | Bought a ring of protection from fire for 325 gold pieces
  6578 | D:9      | 6578 ||| SHOPLISTING crystal plate armour (2080 gold, have
                  | 57).
  6578 | D:9      | 6578 ||| SHOPLISTING runed cloak (195 gold, have 57).
  6578 | D:9      | 6578 ||| SHOPLISTING shiny chain mail (195 gold, have 57).
  6587 | D:9      | 6587 ||| SHOPLISTING potion of might (64 gold, have 57).
  6587 | D:9      | 6587 ||| SHOPLISTING ring of Beoxur {rElec rF+ rCorr} (656
                  | gold, have 57).
  6593 | D:9      | 6593 ||| SHOPLISTING +5 ring of evasion (540 gold, have
                  | 57).
  6593 | D:9      | 6593 ||| SHOPLISTING +6 ring of dexterity (540 gold, have
                  | 57).
  6593 | D:9      | 6593 ||| SHOPLISTING ring of Juvyat {rPois Slay+4} (657
                  | gold, have 57).
  6593 | D:9      | 6593 ||| SHOPLISTING ring of fire (375 gold, have 57).
  6593 | D:9      | 6593 ||| SHOPLISTING ring of protection from cold (375
                  | gold, have 57).
  6593 | D:9      | 6593 ||| SHOPLISTING ring of resist corrosion (300 gold,
                  | have 57).
  6599 | D:9      | 6599 ||| BUYING potion of curing (36 gold).
  6599 | D:9      | Bought a potion of curing for 36 gold pieces
  6599 | D:9      | 6599 ||| SHOPLISTING potion of mutation (96 gold, have 21).
  6599 | D:9      | 6599 ||| SHOPLISTING ring of protection from fire (300
                  | gold, have 21).
  6703 | D:9      | 6703 ||| Stepping ~*~*~tactically~*~*~ (stealth).
  6705 | D:9      | 6705 ||| Stepping ~*~*~tactically~*~*~ (hiding).
  6853 | D:9      | Noticed a two-headed ogre
  6854 | D:9      | 6854 ||| INVOKING Heroism.
  6859 | D:9      | Killed a two-headed ogre
  6860 | D:9      | Reached skill level 11 in Shields
  6911 | D:9      | 6911 ||| Stepping ~*~*~tactically~*~*~ (hiding).
  7043 | D:9      | 7043 ||| READING scroll of enchant armour.
  7043 | D:9      | 7043 ||| ENCHANTING +1 pair of boots.
  7060 | D:9      | Noticed a purple ugly thing
  7060 | D:9      | Noticed a two-headed ogre
  7061 | D:9      | 7061 ||| INVOKING Heroism.
  7069 | D:9      | Killed a two-headed ogre
  7070 | D:9      | Reached skill level 3 in Throwing
  7079 | D:9      | Killed a purple ugly thing
  7079 | D:9      | Reached *** piety under Okawaru
  7080 | D:9      | Reached skill level 6 in Fighting
  7151 | D:9      | Noticed Joseph
  7159 | D:9      | Killed Joseph
  7419 | D:9      | 7419 ||| UPGRADING to ring of protection from fire.
  7421 | D:9      | 7421 ||| DRINKING 2 fuming golden potions.
  7440 | D:9      | 7440 ||| READING 4 scrolls of identify.
  7440 | D:9      | 7440 ||| IDENTIFYING coppery potion
  7441 | D:9      | 7441 ||| READING 3 scrolls of identify.
  7441 | D:9      | 7441 ||| IDENTIFYING cyan potion
  7442 | D:9      | 7442 ||| DROPPING potion of degeneration.
  7443 | D:9      | 7443 ||| DROPPING potion of flight.
  7474 | D:10     | Entered Level 10 of the Dungeon
  7615 | D:10     | 7615 ||| INVOKING Heroism.
  7617 | D:10     | 7617 ||| Stepping ~*~*~tactically~*~*~ (stealth).
  7634 | D:10     | Found a staircase to the Orcish Mines.
  7676 | D:10     | Reached skill level 9 in Axes
  7784 | D:10     | Found a runed translucent door.
  7785 | D:10     | Found a shimmering altar of Xom.
  7785 | D:10     | Noticed qw's ghost (novice GrCA)
  7785 | D:10     | Noticed a +1 trident of chaos
  7902 | D:10     | 7902 ||| INVOKING Heroism.
  8212 | D:10     | Found a staircase to the Lair.
  8273 | D:10     | Reached XP level 11. HP: 70/70 MP: 14/14
  8333 | D:10     | Reached skill level 12 in Shields
  8792 | D:10     | 8792 ||| PLANNING LAIR
  8792 | D:10     | 8792 ||| READING scroll labelled ISAHIY EFOO.
  8893 | D:10     | 8893 ||| READING scroll labelled VOKHLESOUHE.
  8941 | Lair:1   | Entered Level 1 of the Lair of Beasts
  8982 | Lair:1   | Noticed a deep troll
  8983 | Lair:1   | 8983 ||| INVOKING Heroism.
  8991 | Lair:1   | Killed a deep troll
  9081 | Lair:1   | Noticed a boulder beetle
  9082 | Lair:1   | 9082 ||| Stepping ~*~*~tactically~*~*~ (stealth).
  9083 | Lair:1   | 9083 ||| Stepping ~*~*~tactically~*~*~ (stealth).
  9084 | Lair:1   | 9084 ||| Stepping ~*~*~tactically~*~*~ (stealth).
  9085 | Lair:1   | 9085 ||| Stepping ~*~*~tactically~*~*~ (stealth).
  9092 | Lair:1   | Reached **** piety under Okawaru
  9099 | Lair:1   | 9099 ||| FLEEEEING.
  9101 | Lair:1   | 9101 ||| STAIRDANCE
  9239 | Lair:1   | 9239 ||| INVOKING Heroism.
  9244 | Lair:1   | Killed a boulder beetle
  9307 | Lair:1   | 9307 ||| INVOKING Heroism.
  9334 | Lair:1   | Reached ***** piety under Okawaru
  9339 | Lair:1   | Reached skill level 6 in Invocations
  9340 | Lair:1   | 9340 ||| INVOKING Heroism.
  9349 | Lair:1   | Received a gift from Okawaru
  9352 | Lair:1   | Reached XP level 12. HP: 23/79 MP: 14/17
  9357 | Lair:1   | HP: 17/79 [komodo dragon (4)]
  9358 | Lair:1   | 9358 ||| READING 7 scrolls of teleportation.
  9359 | Lair:1   | 9359 ||| DRINKING 5 potions of heal wounds.
  9365 | Lair:1   | Received a gift from Okawaru
  9373 | Lair:1   | Reached skill level 6 in Armour
  9506 | Lair:1   | 9506 ||| SWAPPING to +1 broad axe of freezing.
  9507 | Lair:1   | 9507 ||| DROPPING +2 war axe.
  9508 | Lair:1   | 9508 ||| DROPPING +1 war axe of venom.
  9526 | Lair:1   | Reached skill level 13 in Shields
  9580 | Lair:1   | Found a glowing silver altar of Zin.
  9851 | Lair:1   | 9851 ||| READING scroll of enchant armour.
  9851 | Lair:1   | 9851 ||| ENCHANTING +0 plate armour.
  9853 | Lair:1   | 9853 ||| INVOKING Heroism.
 10362 | Lair:2   | 10362 ||| Stepping ~*~*~tactically~*~*~ (stealth).
 10423 | Lair:2   | 10423 ||| INVOKING Heroism.
 10428 | Lair:2   | Noticed a seven-headed hydra
 10429 | Lair:2   | 10429 ||| INVOKING Finesse.
 10440 | Lair:2   | 10440 ||| SWAPPING to +0 morningstar.
 10454 | Lair:2   | 10454 ||| INVOKING Finesse.
 10455 | Lair:2   | Killed a seven-headed hydra
 10456 | Lair:2   | 10456 ||| SWAPPING to +1 broad axe of freezing.
 10598 | Lair:2   | Reached skill level 9 in Invocations
 10625 | Lair:2   | 10625 ||| INVOKING Heroism.
 10652 | Lair:2   | 10652 ||| INVOKING Heroism.
 10744 | Lair:2   | Identified the +3 long sword "Sehebror" {speed, rElec}
 10842 | Lair:2   | Noticed Urug
 10843 | Lair:2   | 10843 ||| INVOKING Heroism.
 10850 | Lair:2   | Killed Urug
 11071 | Lair:2   | Noticed Gastronok
 11072 | Lair:2   | 11072 ||| Stepping ~*~*~tactically~*~*~ (hiding).
 11073 | Lair:2   | 11073 ||| Stepping ~*~*~tactically~*~*~ (hiding).
 11081 | Lair:2   | 11081 ||| Stepping ~*~*~tactically~*~*~ (hiding).
 11083 | Lair:2   | 11083 ||| Stepping ~*~*~tactically~*~*~ (hiding).
 11085 | Lair:2   | 11085 ||| INVOKING Heroism.
 11096 | Lair:2   | Killed Gastronok
 11252 | Lair:2   | Identified the +3 leather armour of Sif Muna's Generosity
                  | {Int+2}
 11365 | Lair:2   | Noticed Amaemon
 11366 | Lair:2   | 11366 ||| INVOKING Heroism.
 11379 | Lair:2   | Killed Amaemon
 11502 | Lair:2   | 11502 ||| DROPPING +0 morningstar.
 11515 | Lair:2   | Found a runed translucent gate.
 11516 | Lair:2   | Found a runed translucent gate.
 11517 | Lair:2   | Found a runed translucent gate.
 11518 | Lair:2   | Noticed qw's ghost (journeyman GrFi)
 11523 | Lair:2   | 11523 ||| READING scroll of enchant weapon.
 11523 | Lair:2   | 11523 ||| ENCHANTING +1 broad axe of freezing.
 11810 | Lair:2   | 11810 ||| UPGRADING to amulet of reflection.
 11907 | Lair:3   | 11907 ||| STAIRDANCE
 12186 | Lair:3   | Noticed an eight-headed hydra
 12187 | Lair:3   | 12187 ||| INVOKING Heroism.
 12194 | Lair:3   | 12194 ||| SWAPPING to -1 demon whip of venom.
 12197 | Lair:3   | 12197 ||| STAIRDANCE
 12197 | Lair:3   | HP: 14/81 [eight-headed hydra (11)]
 12199 | Lair:2   | 12199 ||| READING 7 scrolls of teleportation.
 12199 | Lair:2   | HP: 5/81 [eight-headed hydra (7)]
 12200 | Lair:2   | 12200 ||| DRINKING 4 potions of heal wounds.
 12203 | Lair:2   | 12203 ||| DRINKING 3 potions of heal wounds.
 12204 | Lair:2   | HP: 15/81 [eight-headed hydra (7)]
 12204 | Lair:2   | HP: 6/81 [eight-headed hydra (9)]
 12205 | Lair:2   | Reached XP level 13. HP: 4/85 MP: 20/20
 12205 | Lair:2   | 12205 ||| DRINKING 2 potions of heal wounds.
 12206 | Lair:2   | 12206 ||| SWAPPING to +2 broad axe of freezing.
 12466 | Lair:2   | 12466 ||| INVOKING Heroism.
 12608 | Lair:2   | 12608 ||| INVOKING Heroism.
 12613 | Lair:2   | 12613 ||| SWAPPING to -1 demon whip of venom.
 12619 | Lair:2   | 12619 ||| SWAPPING to +2 broad axe of freezing.
 12884 | Lair:3   | 12884 ||| INVOKING Heroism.
 12887 | Lair:3   | Reached skill level 9 in Fighting
 12912 | Lair:3   | Reached skill level 14 in Shields
 12930 | Lair:3   | 12930 ||| FLEEEEING.
 12932 | Lair:3   | 12932 ||| STAIRDANCE
 13170 | Lair:3   | 13170 ||| Stepping ~*~*~tactically~*~*~ (stealth).
 13171 | Lair:3   | 13171 ||| Stepping ~*~*~tactically~*~*~ (stealth).
 13172 | Lair:3   | 13172 ||| Stepping ~*~*~tactically~*~*~ (stealth).
 13176 | Lair:3   | 13176 ||| INVOKING Heroism.
 13179 | Lair:3   | Received a gift from Okawaru
 13185 | Lair:3   | 13185 ||| Stepping ~*~*~tactically~*~*~ (stealth).
 13210 | Lair:3   | 13210 ||| Stepping ~*~*~tactically~*~*~ (stealth).
 13216 | Lair:3   | 13216 ||| INVOKING Heroism.
 13246 | Lair:3   | 13246 ||| INVOKING Heroism.
 13274 | Lair:3   | 13274 ||| Stepping ~*~*~tactically~*~*~ (stealth).
 13295 | Lair:3   | 13295 ||| Stepping ~*~*~tactically~*~*~ (stealth).
 13298 | Lair:3   | 13298 ||| Stepping ~*~*~tactically~*~*~ (stealth).
 13316 | Lair:3   | 13316 ||| Stepping ~*~*~tactically~*~*~ (hiding).
 13322 | Lair:3   | 13322 ||| INVOKING Heroism.
 13336 | Lair:3   | 13336 ||| SWAPPING to -1 demon whip of venom.
 13346 | Lair:3   | 13346 ||| SWAPPING to +2 broad axe of freezing.
 13405 | Lair:3   | 13405 ||| INVOKING Heroism.
 13534 | Lair:3   | Noticed Rupert
 13535 | Lair:3   | 13535 ||| INVOKING Heroism.
 13549 | Lair:3   | Killed Rupert
 13565 | Lair:3   | 13565 ||| Stepping ~*~*~tactically~*~*~ (stealth).
 13572 | Lair:3   | Reached skill level 12 in Axes
 13579 | Lair:3   | 13579 ||| Stepping ~*~*~tactically~*~*~ (stealth).
 13580 | Lair:3   | 13580 ||| Stepping ~*~*~tactically~*~*~ (stealth).
 13595 | Lair:3   | 13595 ||| Stepping ~*~*~tactically~*~*~ (stealth).
 13596 | Lair:3   | 13596 ||| Stepping ~*~*~tactically~*~*~ (stealth).
 13597 | Lair:3   | 13597 ||| INVOKING Heroism.
 13609 | Lair:3   | 13609 ||| Stepping ~*~*~tactically~*~*~ (stealth).
 13614 | Lair:3   | 13614 ||| SWAPPING to -1 demon whip of venom.
 13615 | Lair:3   | Received a gift from Okawaru
 13616 | Lair:3   | 13616 ||| SWAPPING to +2 broad axe of freezing.
 13648 | Lair:3   | 13648 ||| INVOKING Heroism.
 13723 | Lair:3   | 13723 ||| INVOKING Heroism.
 13724 | Lair:3   | 13724 ||| Stepping ~*~*~tactically~*~*~ (hiding).
 13726 | Lair:3   | 13726 ||| Stepping ~*~*~tactically~*~*~ (hiding).
 13727 | Lair:3   | 13727 ||| Stepping ~*~*~tactically~*~*~ (hiding).
 13874 | Lair:3   | Found a staircase to the Snake Pit.
 13884 | Lair:3   | 13884 ||| Stepping ~*~*~tactically~*~*~ (hiding).
 13887 | Lair:3   | 13887 ||| Stepping ~*~*~tactically~*~*~ (hiding).
 14045 | Lair:3   | 14045 ||| INVOKING Heroism.
 14048 | Lair:3   | 14048 ||| SWAPPING to -1 demon whip of venom.
 14055 | Lair:3   | 14055 ||| SWAPPING to +2 broad axe of freezing.
 14258 | Lair:3   | Found a staircase to the Swamp.
 14396 | Lair:3   | 14396 ||| INVOKING Heroism.
 14594 | Lair:4   | 14594 ||| STAIRDANCE
 14605 | Lair:3   | 14605 ||| INVOKING Heroism.
 14704 | Lair:4   | 14704 ||| Stepping ~*~*~tactically~*~*~ (stealth).
 14705 | Lair:4   | 14705 ||| Stepping ~*~*~tactically~*~*~ (stealth).
 14714 | Lair:4   | 14714 ||| Stepping ~*~*~tactically~*~*~ (stealth).
 14715 | Lair:4   | 14715 ||| Stepping ~*~*~tactically~*~*~ (stealth).
 14721 | Lair:4   | 14721 ||| Stepping ~*~*~tactically~*~*~ (stealth).
 14724 | Lair:4   | 14724 ||| Stepping ~*~*~tactically~*~*~ (stealth).
 14812 | Lair:4   | 14812 ||| INVOKING Heroism.
 14814 | Lair:4   | 14814 ||| Stepping ~*~*~tactically~*~*~ (stealth).
 14827 | Lair:4   | 14827 ||| SWAPPING to -1 demon whip of venom.
 14836 | Lair:4   | 14836 ||| SWAPPING to +2 broad axe of freezing.
 14957 | Lair:4   | Gained mutation: Your large and strong wings let you fly.
                  | [Gargoyle growth]
 14957 | Lair:4   | Reached XP level 14. HP: 96/96 MP: 21/21
 15006 | Lair:4   | Found a staircase to the Slime Pits.
 15083 | Lair:4   | 15083 ||| READING scroll of enchant armour.
 15083 | Lair:4   | 15083 ||| ENCHANTING +1 plate armour.
 15129 | Lair:4   | 15129 ||| INVOKING Heroism.
 15130 | Lair:4   | 15130 ||| SWAPPING to -1 demon whip of venom.
 15139 | Lair:4   | 15139 ||| SWAPPING to +2 broad axe of freezing.
 15301 | Lair:4   | 15301 ||| DROPPING scarf of harm.
 15302 | Lair:4   | 15302 ||| READING 6 scrolls of identify.
 15302 | Lair:4   | 15302 ||| IDENTIFYING viscous cyan potion
 15321 | Lair:5   | Entered Level 5 of the Lair of Beasts
 15322 | Lair:5   | 15322 ||| INVOKING Heroism.
 15330 | Lair:5   | 15330 ||| SWAPPING to -1 demon whip of venom.
 15341 | Lair:5   | 15341 ||| SWAPPING to +2 broad axe of freezing.
 15486 | Lair:5   | 15486 ||| INVOKING Heroism.
 15491 | Lair:5   | 15491 ||| SWAPPING to -1 demon whip of venom.
 15497 | Lair:5   | Reached skill level 15 in Shields
 15497 | Lair:5   | 15497 ||| SWAPPING to +2 broad axe of freezing.
 15682 | Lair:5   | 15682 ||| INVOKING Heroism.
 15851 | Lair:5   | 15851 ||| INVOKING Heroism.
 15873 | Lair:5   | 15873 ||| Stepping ~*~*~tactically~*~*~ (stealth).
 15883 | Lair:5   | 15883 ||| Stepping ~*~*~tactically~*~*~ (stealth).
 15884 | Lair:5   | 15884 ||| Stepping ~*~*~tactically~*~*~ (stealth).
 15885 | Lair:5   | 15885 ||| Stepping ~*~*~tactically~*~*~ (stealth).
 15900 | Lair:5   | 15900 ||| Stepping ~*~*~tactically~*~*~ (hiding).
 15956 | Lair:5   | 15956 ||| Stepping ~*~*~tactically~*~*~ (hiding).
 15959 | Lair:5   | 15959 ||| INVOKING Heroism.
 16165 | Lair:5   | 16165 ||| Stepping ~*~*~tactically~*~*~ (stealth).
 16167 | Lair:5   | 16167 ||| Stepping ~*~*~tactically~*~*~ (stealth).
 16174 | Lair:5   | 16174 ||| Stepping ~*~*~tactically~*~*~ (stealth).
 16226 | Lair:5   | Identified the +10 longbow of a ziggurat {drain, rN+}
                  | (Okawaru gifted it to you on level 5 of the Lair of Beasts)
 16226 | Lair:5   | Received a gift from Okawaru
 16299 | Lair:5   | 16299 ||| Stepping ~*~*~tactically~*~*~ (stealth).
 16301 | Lair:5   | 16301 ||| Stepping ~*~*~tactically~*~*~ (stealth).
 16574 | Lair:5   | 16574 ||| Stepping ~*~*~tactically~*~*~ (stealth).
 16576 | Lair:5   | 16576 ||| Stepping ~*~*~tactically~*~*~ (stealth).
 16600 | Lair:5   | 16600 ||| Stepping ~*~*~tactically~*~*~ (stealth).
 16628 | Lair:5   | 16628 ||| READING scroll of enchant weapon.
 16628 | Lair:5   | 16628 ||| ENCHANTING +2 broad axe of freezing.
 16630 | Lair:5   | 16630 ||| Stepping ~*~*~tactically~*~*~ (stealth).
 16774 | Lair:5   | 16774 ||| PLANNING D:1-11
 16774 | Lair:5   | 16774 ||| UPGRADING to +0 pair of gloves.
 17076 | D:11     | 17076 ||| Stepping ~*~*~tactically~*~*~ (hiding).
 17078 | D:11     | 17078 ||| INVOKING Heroism.
 17375 | D:11     | Reached skill level 9 in Armour
 17393 | D:11     | 17393 ||| Stepping ~*~*~tactically~*~*~ (stealth).
 17394 | D:11     | 17394 ||| INVOKING Heroism.
 18041 | D:11     | 18041 ||| PLANNING D
 18083 | D:12     | 18083 ||| INVOKING Heroism.
 18100 | D:12     | Received a gift from Okawaru
 18130 | D:12     | 18130 ||| FLEEEEING.
 18146 | D:12     | 18146 ||| FLEEEEING.
 18147 | D:12     | 18147 ||| FLEEEEING.
 18148 | D:12     | 18148 ||| FLEEEEING.
 18149 | D:12     | 18149 ||| FLEEEEING.
 18150 | D:12     | 18150 ||| STAIRDANCE
 18232 | D:11     | 18232 ||| DROPPING -1 demon whip of venom.
 18238 | D:12     | 18238 ||| Stepping ~*~*~tactically~*~*~ (hiding).
 18445 | D:12     | 18445 ||| INVOKING Heroism.
 18580 | D:12     | Found a runed translucent door.
 18580 | D:12     | Noticed corvin's ghost (journeyman DgWn)
 18583 | D:12     | 18583 ||| Stepping ~*~*~tactically~*~*~ (hiding).
 18617 | D:12     | Identified a scroll of acquirement
 18618 | D:12     | 18618 ||| Stepping ~*~*~tactically~*~*~ (hiding).
 18632 | D:12     | Reached XP level 15. HP: 79/103 MP: 22/22
 18634 | D:12     | 18634 ||| INVOKING Heroism.
 18730 | D:12     | Reached skill level 16 in Shields
 18745 | D:12     | 18745 ||| READING scroll of enchant armour.
 18745 | D:12     | 18745 ||| ENCHANTING +0 pair of gloves.
 18767 | D:12     | 18767 ||| READING scroll of acquirement.
 18767 | D:12     | 18767 ||| ACQUIRING 798 gold pieces
 18767 | D:12     | Acquired 798 gold pieces
 18782 | D:12     | Noticed Jorgrun
 18783 | D:12     | 18783 ||| INVOKING Heroism.
 18784 | D:12     | 18784 ||| INVOKING Finesse.
 18797 | D:12     | Killed Jorgrun
 19131 | D:12     | Noticed Kirke
 19132 | D:12     | 19132 ||| INVOKING Heroism.
 19133 | D:12     | 19133 ||| INVOKING Finesse.
 19134 | D:12     | 19134 ||| Stepping ~*~*~tactically~*~*~ (hiding).
 19135 | D:12     | 19135 ||| Stepping ~*~*~tactically~*~*~ (hiding).
 19136 | D:12     | 19136 ||| Stepping ~*~*~tactically~*~*~ (hiding).
 19158 | D:12     | 19158 ||| DRINKING 4 potions of cancellation.
 19159 | D:12     | Killed Kirke
 19165 | D:12     | 19165 ||| Stepping ~*~*~tactically~*~*~ (hiding).
 19342 | D:12     | 19342 ||| Stepping ~*~*~tactically~*~*~ (hiding).
 19344 | D:12     | 19344 ||| Stepping ~*~*~tactically~*~*~ (hiding).
 19349 | D:12     | Received a gift from Okawaru
 19826 | D:12     | 19826 ||| Stepping ~*~*~tactically~*~*~ (hiding).
 19848 | D:12     | Noticed a fire giant
 19859 | D:12     | Killed a fire giant
 19865 | D:12     | 19865 ||| INVOKING Heroism.
 19981 | D:12     | Identified the +1 plate armour of Anorr {Harm Int+7 Dex+2}
 20032 | D:12     | 20032 ||| DROPPING +1 plate armour of Anorr {Harm Int+7
                  | Dex+2}.
 20033 | D:12     | 20033 ||| READING 8 scrolls of identify.
 20033 | D:12     | 20033 ||| IDENTIFYING viscous inky potion
 20054 | D:13     | 20054 ||| INVOKING Heroism.
 20112 | D:13     | 20112 ||| INVOKING Heroism.
 20115 | D:13     | 20115 ||| Stepping ~*~*~tactically~*~*~ (stealth).
 20126 | D:13     | Reached skill level 15 in Axes
 20234 | D:13     | 20234 ||| INVOKING Heroism.
 20244 | D:13     | Received a gift from Okawaru
 20346 | D:13     | 20346 ||| Stepping ~*~*~tactically~*~*~ (stealth).
 20350 | D:13     | Found a frozen archway.
 20713 | D:13     | Received a gift from Okawaru
 20854 | D:13     | 20854 ||| Stepping ~*~*~tactically~*~*~ (stealth).
 21032 | D:13     | 21032 ||| INVOKING Heroism.
 21044 | D:13     | Received a gift from Okawaru
 21182 | D:13     | Found a gate to the Vaults.
 21203 | D:13     | 21203 ||| UPGRADING to ring of see invisible.
 21270 | D:14     | Noticed Louise
 21271 | D:14     | 21271 ||| PLANNING BAZAAR
 21271 | D:14     | 21271 ||| INVOKING Heroism.
 21272 | D:14     | 21272 ||| INVOKING Finesse.
 21293 | D:14     | Killed Louise
 21294 | D:14     | Reached skill level 6 in Throwing
 21313 | D:14     | Reached skill level 12 in Fighting
 21461 | D:14     | Noticed Lodul
 21462 | D:14     | 21462 ||| Stepping ~*~*~tactically~*~*~ (stealth).
 21464 | D:14     | 21464 ||| INVOKING Heroism.
 21469 | D:14     | 21469 ||| Stepping ~*~*~tactically~*~*~ (hiding).
 21472 | D:14     | 21472 ||| SWAPPING to +1 war axe of flaming.
 21475 | D:14     | 21475 ||| SWAPPING to +3 broad axe of freezing.
 21488 | D:14     | Killed Lodul
 21615 | D:14     | 21615 ||| Stepping ~*~*~tactically~*~*~ (hiding).
 21616 | D:14     | 21616 ||| Stepping ~*~*~tactically~*~*~ (hiding).
 21617 | D:14     | 21617 ||| Stepping ~*~*~tactically~*~*~ (hiding).
 21623 | D:14     | Reached XP level 16. HP: 105/111 MP: 23/23
 21642 | D:14     | Found Vuet's Jewellery Emporium.
 21660 | D:14     | 21660 ||| BUYING +5 ring of evasion (540 gold).
 21660 | D:14     | Bought a +5 ring of evasion for 540 gold pieces
 21660 | D:14     | 21660 ||| BUYING ring of fire (375 gold).
 21660 | D:14     | Bought a ring of fire for 375 gold pieces
 21725 | D:14     | 21725 ||| INVOKING Heroism.
 21813 | D:14     | Noticed Frances
 21814 | D:14     | 21814 ||| Stepping ~*~*~tactically~*~*~ (hiding).
 21816 | D:14     | 21816 ||| INVOKING Heroism.
 21817 | D:14     | 21817 ||| INVOKING Finesse.
 21825 | D:14     | Killed Frances
 21886 | D:14     | Found Zicunun's Antique Armour Shop.
 21890 | D:14     | 21890 ||| BUYING crude chain mail (294 gold).
 21890 | D:14     | Bought a crude chain mail for 294 gold pieces
 21890 | D:14     | Identified the +6 chain mail of a wizard's laboratory
                  | {MP+9} (You bought it in a shop on level 14 of the Dungeon)
 21890 | D:14     | 21890 ||| BUYING pair of embroidered gloves (232 gold).
 21890 | D:14     | Bought a pair of embroidered gloves for 232 gold pieces
 21890 | D:14     | 21890 ||| BUYING shiny helmet (232 gold).
 21890 | D:14     | Bought a shiny helmet for 232 gold pieces
 21890 | D:14     | 21890 ||| BUYING smoking chain mail (294 gold).
 21890 | D:14     | Bought a smoking chain mail for 294 gold pieces
 21890 | D:14     | Identified the +0 chain mail of Past Mistakes {rCorr SInv}
                  | (You bought it in a shop on level 14 of the Dungeon)
 21893 | D:14     | Found a flickering gateway to a bazaar.
 21894 | D:14     | 21894 ||| DROPPING +6 chain mail of a wizard's laboratory
                  | {MP+9}.
 21895 | D:14     | 21895 ||| UPGRADING to +2 pair of gloves.
 21905 | D:14     | 21905 ||| DROPPING +1 pair of gloves.
 21906 | D:14     | 21906 ||| UPGRADING to +1 helmet of see invisible.
 21911 | D:14     | 21911 ||| REMOVING ring of see invisible.
 21912 | D:14     | 21912 ||| UPGRADING to ring of resist corrosion.
 21913 | D:14     | 21913 ||| UPGRADING to +5 ring of evasion.
 21920 | Bazaar   | Entered a bazaar
 21925 | Bazaar   | Found Pomosu's Book Emporium.
 21930 | Bazaar   | Found Wenoix's Distillery.
 21939 | Bazaar   | 21939 ||| BUYING potion of cancellation (120 gold).
 21939 | Bazaar   | Bought a potion of cancellation for 120 gold pieces
 21949 | Bazaar   | Found Ascheeki's Magic Scroll Emporium.
 21954 | Bazaar   | 21954 ||| BUYING scroll of identify (26 gold).
 21954 | Bazaar   | Bought a scroll of identify for 26 gold pieces
 21954 | Bazaar   | 21954 ||| BUYING scroll of identify (26 gold).
 21954 | Bazaar   | Bought a scroll of identify for 26 gold pieces
 21978 | Bazaar   | Found Yhyuso's Assorted Antiques.
 21986 | Bazaar   | Found Dedinif's Antique Weapon Shoppe.
 22024 | D:14     | 22024 ||| PLANNING D
 22214 | D:14     | 22214 ||| Stepping ~*~*~tactically~*~*~ (hiding).
 22218 | D:14     | 22218 ||| INVOKING Heroism.
 22235 | D:14     | 22235 ||| Stepping ~*~*~tactically~*~*~ (stealth).
 22236 | D:14     | 22236 ||| Stepping ~*~*~tactically~*~*~ (stealth).
 22583 | D:15     | Entered Level 15 of the Dungeon
 22751 | D:15     | 22751 ||| INVOKING Heroism.
 22752 | D:15     | 22752 ||| INVOKING Finesse.
 22753 | D:15     | 22753 ||| SWAPPING to +1 war axe of flaming.
 22760 | D:15     | 22760 ||| SWAPPING to +3 broad axe of freezing.
 22859 | D:15     | 22859 ||| INVOKING Heroism.
 22861 | D:15     | Paralysed by an orc sorcerer for 5 turns
 22870 | D:15     | Received a gift from Okawaru
 22874 | D:15     | 22874 ||| Stepping ~*~*~tactically~*~*~ (hiding).
 22886 | D:15     | 22886 ||| Stepping ~*~*~tactically~*~*~ (stealth).
 22918 | D:15     | 22918 ||| Stepping ~*~*~tactically~*~*~ (stealth).
 22920 | D:15     | 22920 ||| FLEEEEING.
 22926 | D:15     | 22926 ||| STAIRDANCE
 22996 | D:15     | Found a staircase to the Depths.
 23135 | D:15     | 23135 ||| INVOKING Heroism.
 23136 | D:15     | 23136 ||| INVOKING Finesse.
 23141 | D:15     | 23141 ||| SWAPPING to +1 war axe of flaming.
 23145 | D:15     | 23145 ||| SWAPPING to +3 broad axe of freezing.
 23495 | D:15     | 23495 ||| PLANNING ORC
 23668 | Orc:1    | Entered Level 1 of the Orcish Mines
 23669 | Orc:1    | 23669 ||| INVOKING Heroism.
 23714 | Orc:1    | 23714 ||| Stepping ~*~*~tactically~*~*~ (stealth).
 23718 | Orc:1    | 23718 ||| Stepping ~*~*~tactically~*~*~ (hiding).
 23724 | Orc:1    | 23724 ||| Stepping ~*~*~tactically~*~*~ (hiding).
 23731 | Orc:1    | 23731 ||| Stepping ~*~*~tactically~*~*~ (hiding).
 23734 | Orc:1    | 23734 ||| Stepping ~*~*~tactically~*~*~ (hiding).
 23742 | Orc:1    | 23742 ||| Stepping ~*~*~tactically~*~*~ (stealth).
 23743 | Orc:1    | 23743 ||| Stepping ~*~*~tactically~*~*~ (stealth).
 23745 | Orc:1    | 23745 ||| Stepping ~*~*~tactically~*~*~ (hiding).
 23750 | Orc:1    | 23750 ||| Stepping ~*~*~tactically~*~*~ (stealth).
 23801 | Orc:1    | 23801 ||| Stepping ~*~*~tactically~*~*~ (stealth).
 23802 | Orc:1    | Noticed Nergalle
 23804 | Orc:1    | 23804 ||| Stepping ~*~*~tactically~*~*~ (hiding).
 23815 | Orc:1    | Killed Nergalle
 24068 | Orc:2    | Entered Level 2 of the Orcish Mines
 24068 | Orc:2    | Found a staircase to the Elven Halls.
 24123 | Orc:1    | 24123 ||| Stepping ~*~*~tactically~*~*~ (hiding).
 24126 | Orc:1    | 24126 ||| Stepping ~*~*~tactically~*~*~ (hiding).
 24128 | Orc:1    | 24128 ||| Stepping ~*~*~tactically~*~*~ (hiding).
 24401 | Orc:2    | 24401 ||| Stepping ~*~*~tactically~*~*~ (hiding).
 24419 | Orc:2    | 24419 ||| Stepping ~*~*~tactically~*~*~ (stealth).
 24560 | Orc:2    | 24560 ||| Stepping ~*~*~tactically~*~*~ (stealth).
 24562 | Orc:2    | 24562 ||| Stepping ~*~*~tactically~*~*~ (stealth).
 24581 | Orc:2    | Found a gateway to a bazaar.
 24583 | Orc:2    | 24583 ||| PLANNING BAZAAR
 24598 | Bazaar   | Entered a bazaar
 24600 | Bazaar   | Found Decry's General Store.
 24604 | Bazaar   | 24604 ||| BUYING potion of attraction (30 gold).
 24604 | Bazaar   | Bought a potion of attraction for 30 gold pieces
 24604 | Bazaar   | 24604 ||| BUYING potion of haste (100 gold).
 24604 | Bazaar   | Bought a potion of haste for 100 gold pieces
 24604 | Bazaar   | 24604 ||| BUYING potion of resistance (100 gold).
 24604 | Bazaar   | Bought a potion of resistance for 100 gold pieces
 24604 | Bazaar   | 24604 ||| BUYING ring of resist corrosion (200 gold).
 24604 | Bazaar   | Bought a ring of resist corrosion for 200 gold pieces
 24604 | Bazaar   | Found Viwef's Assorted Antiques.
 24604 | Bazaar   | Found Vix Pus's Distillery.
 24605 | Bazaar   | Found Lumuc's Antique Armour Boutique.
 24610 | Bazaar   | 24610 ||| BUYING glowing scarf (144 gold).
 24610 | Bazaar   | Bought a glowing scarf for 144 gold pieces
 24615 | Bazaar   | 24615 ||| BUYING gold wand (96 gold).
 24615 | Bazaar   | Bought a gold wand for 96 gold pieces
 24620 | Bazaar   | 24620 ||| BUYING potion of attraction (42 gold).
 24620 | Bazaar   | Bought a potion of attraction for 42 gold pieces
 24628 | Bazaar   | 24628 ||| DROPPING scarf of harm.
 24629 | Bazaar   | 24629 ||| DROPPING wand of flame (2).
 24634 | Orc:2    | 24634 ||| PLANNING ORC
 24634 | Orc:2    | 24634 ||| INVOKING Heroism.
 24646 | Orc:2    | Noticed Maurice
 24667 | Orc:2    | Killed Maurice
 24857 | Orc:2    | 24857 ||| Stepping ~*~*~tactically~*~*~ (hiding).
 24863 | Orc:2    | 24863 ||| INVOKING Heroism.
 24867 | Orc:2    | Found Hithuk's Magic Scroll Boutique.
 24891 | Orc:2    | Reached skill level 17 in Shields
 24906 | Orc:2    | HP: 26/111 [orc warrior/+0 flail (10)]
 24907 | Orc:2    | 24907 ||| READING 8 scrolls of teleportation.
 24908 | Orc:2    | 24908 ||| DRINKING 2 potions of heal wounds.
 24910 | Orc:2    | 24910 ||| INVOKING Heroism.
 25108 | Orc:2    | 25108 ||| Stepping ~*~*~tactically~*~*~ (hiding).
 25130 | Orc:2    | 25130 ||| Stepping ~*~*~tactically~*~*~ (stealth).
 25135 | Orc:2    | 25135 ||| Stepping ~*~*~tactically~*~*~ (hiding).
 25141 | Orc:2    | 25141 ||| INVOKING Heroism.
 25150 | Orc:2    | Paralysed by an orc sorcerer for 5 turns
 25153 | Orc:2    | HP: 22/111 [orc knight/+0 halberd (6)]
 25154 | Orc:2    | HP: 2/111 [orc knight/+0 halberd (20)]
 25155 | Orc:2    | Mangled by an orc knight

Levels and vault maps discovered:
D:1:      dpeg_arrival_shelter, layout_basic, basic_ecumenical_altar
D:2:      layout_loops_corners, basic_altar, uniq_natasha
D:3:      layout_loops_ring, uniq_crazy_yiuf_cottage, uniq_ijyb
D:4:      layout_basic, serial_shops, shop
D:5:      layout_cave_pools, chequers_serial_rivers_micro_d,
          kennysheep_cluttered_room, grunt_decor_one_mirror
D:6:      layout_cave_pools, minitemple, temple_doors_e
D:7:      layout_loops_ring
D:8:      layout_loops_ring, uniq_grum
D:9:      layout_roguey, nicolae_shop_national_dungeon_mall, uniq_joseph
D:10:     layout_layer_cave, lair_entry_dummy, david_orc_2, ebering_ghost_xom
D:11:     layout_loops_ring, serial_bayou, serial_bayou_lagoon_b,
          serial_bayou_pond_a, serial_bayou_pond_a, serial_bayou_pond_c,
          kennysheep_small_spiral
D:12:     kennysheep_green_arena, layout_layer_cave,
          hellmonk_ghost_happy_afterlife, nicolae_splish_splash, uniq_kirke,
          uniq_jorgrun
D:13:     layout_stronghold, ximxim_vaults_locker_room, serial_ice,
          serial_ice_o, serial_ice_i, serial_ice_d, serial_ice_g,
          portal_ice_cave_entry_ice_simulacra, lemuel_flamethrower_hall
D:14:     hellmonk_paralyzer, layout_basic, serial_shops, bzr_entry_safe,
          nicolae_shop_competitors_out_of_business, nicolae_shop_stone,
          nicolae_water_bricks, minmay_misc_feat_plants, uniq_frances,
          uniq_louise, uniq_lodul
D:15:     grunt_enter_depths_magical_seal, layout_irregular_city,
          nicolae_cairo_tiling_large, minmay_strange_pillars
Temple:   nicolae_temple_slightly_damp_pantheon
Lair:1:   dreamdust_cave_troll, layout_cave_pods, basic_altar, st_stairs_11,
          beast_lair_carwin_7, serial_bayou_shore_b
Lair:2:   layout_cellular_growth, gammafunk_ghost_necromancy, uniq_urug,
          uniq_amaemon, uniq_gastronok
Lair:3:   layout_small_grid, minmay_swamp_entry_worms,
          guppyfry_snake_entry_garden, kennysheep_rathole, grunt_megastairs_1,
          uniq_rupert
Lair:4:   layout_long_grid, slime_entry_1, grunt_forest_large_clearing_hut,
          lemuel_fruit_tree, infiniplex_staircase_pool_2, grunt_megastairs_3
Lair:5:   hangedman_lair_tendril_chambers, layout_long_grid
Orc:1:    layout_diamond_mine, uniq_nergalle
Orc:2:    st_orc_elflike, layout_diamond_mine, serial_shops, bzr_in_the_mist,
          uniq_maurice

Skill      XL: |  1  2  3  4  5  6  7  8  9 10 11 12 13 14 15 16 |
---------------+-------------------------------------------------+-----
Axes           | 2 3 4 5 6 7 9 10 11 12 14 15 16 | 16.2
Throwing       | 1 3 4 6 |  6.0
Fighting       | 4 5 6 7 8 10 11 12 | 12.0
Armour         | 4 5 6 8 9 10 11 | 11.0
Shields        | 5 9 10 11 12 13 14 15 16 17 | 17.0
Invocations    | 4 7 10 | 10.2
Dodging        | 1 2 |  2.1

Action                     |  1- 3 |  4- 6 |  7- 9 | 10-12 | 13-15 | 16-18 || total
---------------------------+-------+-------+-------+-------+-------+-------++-------
  Melee: War axe           |    94 |    68 |   263 |   213 |     2 |     9 ||   649
         Broad axe         |       |       |       |   142 |   789 |   259 ||  1190
         Morningstar       |       |       |       |    14 |       |       ||    14
         Demon whip        |       |       |       |     5 |    52 |       ||    57
  Throw: Javelin           |       |    15 |    18 |    58 |   159 |    31 ||   281
         Boomerang         |       |       |    18 |     8 |    14 |     6 ||    46
 Invoke: Heroism           |       |       |     3 |    16 |    36 |    11 ||    66
         Finesse           |       |       |       |     2 |     3 |     3 ||     8
    Use: Scroll            |     4 |     7 |    11 |     9 |     6 |     1 ||    38
         Potion            |     1 |     1 |     4 |     4 |     2 |     1 ||    13
 Armour: Scale mail        |    32 |       |       |       |       |       ||    32
         Plate armour      |       |    49 |   135 |   254 |   295 |    76 ||   809
  Dodge: Dodged            |    32 |    16 |    73 |   135 |   153 |    45 ||   454
  Block: Buckler           |    10 |    16 |     4 |       |       |       ||    30
         Tower shield      |       |       |   199 |   438 |   799 |   224 ||  1660
         Reflection        |       |       |       |       |    37 |    12 ||    49

Table legend:
 A = Non-vault XP
 B = Vault XP
 C = Vault XP percentage of total XP
 D = Non-vault monster count
 E = Vault monster count
 F = Vault count percentage of total count
                 A         B        C        D         E       F
            +---------+---------+-------+---------+---------+-------
      Total |   92237 |   67543 |  42.3 |     492 |     206 |  29.5
            +---------+---------+-------+---------+---------+-------
        D:1 |      46 |       0 |   0.0 |      20 |       0 |   0.0
        D:2 |      27 |      33 |  55.0 |      14 |       1 |   6.7
        D:3 |      17 |      36 |  67.9 |       9 |       1 |  10.0
        D:4 |     376 |       0 |   0.0 |      18 |       0 |   0.0
        D:5 |     328 |       0 |   0.0 |      15 |       0 |   0.0
        D:6 |    1465 |       0 |   0.0 |      30 |       0 |   0.0
        D:7 |     145 |       0 |   0.0 |      10 |       0 |   0.0
        D:8 |    1295 |     644 |  33.2 |      23 |       5 |  17.9
        D:9 |    3418 |     423 |  11.0 |      24 |       1 |   4.0
       D:10 |    1225 |     275 |  18.3 |      20 |       8 |  28.6
       D:11 |    3663 |       0 |   0.0 |      14 |       0 |   0.0
       D:12 |    8099 |   13427 |  62.4 |      27 |      25 |  48.1
       D:13 |   11768 |    6803 |  36.6 |      23 |      34 |  59.6
       D:14 |    8779 |    8765 |  50.0 |      14 |      20 |  58.8
       D:15 |    5702 |    4928 |  46.4 |      10 |       9 |  47.4
     Lair:1 |    6797 |    5073 |  42.7 |      32 |      15 |  31.9
     Lair:2 |    7209 |    3544 |  33.0 |      32 |       4 |  11.1
     Lair:3 |   14291 |    3642 |  20.3 |      43 |      21 |  32.8
     Lair:4 |    3491 |    3152 |  47.4 |      11 |      10 |  47.6
     Lair:5 |    8933 |   10322 |  53.6 |      27 |      35 |  56.5
      Orc:1 |    2844 |     785 |  21.6 |      43 |       1 |   2.3
      Orc:2 |    2319 |    5691 |  71.0 |      33 |      16 |  32.7
            +---------+---------+-------+---------+---------+-------
